 Dungeon Crawl Stone Soup version 0.20-a0-470-gbb038bd (webtiles) character file.

114 theAP the Chopper (level 4, -1/41 HPs)
             Began as a Hill Orc Fighter on Jan 13, 2017.
             Was an Initiate of Beogh.
             Slain by an orc wizard
             ... wielding a +0 dagger of draining
              (4 damage)
             ... on level 3 of the Dungeon.
             The game lasted 00:05:01 (1703 turns).

theAP the Chopper (Hill Orc Fighter)                Turns: 1703, Time: 00:05:03

Health: -1/41      AC:  7    Str: 19    XL:     4   Next: 97%
Magic:  4/4        EV:  6    Int:  8    God:    Beogh [......]
Gold:   44         SH: 10    Dex: 10    Spells: 3/3 levels left

rFire  . . .     SeeInvis .     a - +1 war axe
rCold  . . .     Gourm    .     b - +0 scale mail
rNeg   . . .     Faith    .     c - +3 shield
rPois  .         Spirit   .     (no helmet)
rElec  .         Reflect  .     (no cloak)
rCorr  .         Harm     .     (no gloves)
MR     .....                    h - +0 pair of boots
Stlth  ..........               m - amulet of inaccuracy (curse)
                                (no ring)
                                (no ring)

@: very heavily drained
A: no striking features
a: Renounce Religion


You were on level 3 of the Dungeon.
You worshipped Beogh.
Beogh was noncommittal.
You were not hungry.

You visited 1 branch of the dungeon, and saw 3 of its levels.

You collected 44 gold pieces.

Inventory:

Hand Weapons
 a - a +1 war axe (weapon)
Armour
 b - a +0 scale mail (worn)
 c - a +3 shield (worn)
 h - a +0 pair of boots (worn)
Jewellery
 m - a cursed amulet of inaccuracy (around neck)
Scrolls
 g - 2 scrolls of identify
 i - 2 scrolls of enchant weapon
Potions
 d - 4 potions of might
Comestibles
 f - 2 bread rations
 j - 6 fruits


   Skills:
 + Level 4.5(1.6) Fighting
 * Level 5.4(2.5) Axes
 - Level 3.4(0.6) Armour
 - Level 3.5(0.7) Shields


You had 3 spell levels left.
You didn't know any spells.

Dungeon Overview and Level Annotations

Branches:
Dungeon (3/15)

Altars:
Ashenzari
Cheibriados
Dithmenos
Fedhas
Gozag
Kikubaaqudgha
Sif Muna
Zin


Message History

You feel drained.
* * * LOW HITPOINT WARNING * * *
You block the bullfrog's attack. You block the goblin's attack.
You miss the goblin.
The goblin is severely wounded.
You closely miss something. You closely miss the bullfrog.
The bullfrog closely misses you. Something hits you but does no damage.
You feel drained. You block the bullfrog's attack.
The goblin hits you with a club.
* * * LOW HITPOINT WARNING * * *
You hear some strange, mumbled words.
A magic dart appears from out of thin air!
The magic dart hits you!
You hit the goblin.
You kill the goblin!
Beogh accepts your kill.
You miss the bullfrog. You miss something. You block the bullfrog's attack.
The bullfrog barely misses you. Something hits you.
You die...
Beogh appreciates something's killing of a heretic priest.

........###†..#########.
..........>............
..............#####...# .
†.................#.o.# ..
†...........#####.#...#...
##.......#.######.#......#
#.......#...............+
#.......#######.{.......#
#.......# #@)....#.##
#.......# #.F)...#
######### #....?.....
#....=.†... #..........
#.......... ##.....#...
#####.#...


You could see a bullfrog and a neutral orc priest (wandering).

Vanquished Creatures
  3 adders
  4 gnolls (D:2)
  An ooze (D:1)
  2 dart slugs (D:3)
  A leopard gecko (D:1)
  An orc (D:3)
  6 bats
  2 giant cockroaches
  3 hobgoblins (D:1)
  2 jackals (D:2)
  A quokka (D:2)
  A ball python (D:1)
  4 frilled lizards
  2 goblins
  7 kobolds
  5 rats
45 creatures vanquished.

Vanquished Creatures (others)
  An orc (D:3)
1 creature vanquished.

Grand Total: 46 creatures vanquished

Notes
Turn   | Place    | Note
-------+----------+-------------------------------------------
     0 | D:1      | theAP the Hill Orc Fighter began the quest for the Orb.
     0 | D:1      | Reached XP level 1. HP: 19/19 MP: 1/1
    15 | D:1      | Reached XP level 2. HP: 27/27 MP: 2/2
    34 | D:1      | Reached skill level 3 in Axes
   451 | D:1      | Reached XP level 3. HP: 33/33 MP: 3/3
   978 | D:2      | Reached skill level 4 in Axes
  1256 | D:2      | Found an opulent altar of Gozag.
  1257 | D:2      | Found a glowing silver altar of Zin.
  1257 | D:2      | Found a snail-covered altar of Cheibriados.
  1259 | D:2      | Found a shattered altar of Ashenzari.
  1259 | D:2      | Found a shadowy altar of Dithmenos.
  1261 | D:2      | Found an ancient bone altar of Kikubaaqudgha.
  1261 | D:2      | Found a deep blue altar of Sif Muna.
  1262 | D:2      | Found a blossoming altar of Fedhas.
  1570 | D:2      | Reached XP level 4. HP: 40/40 MP: 4/4
  1578 | D:2      | Reached skill level 5 in Axes
  1682 | D:3      | Noticed a bullfrog
  1682 | D:3      | Became a worshipper of Beogh the Brigand
  1703 | D:3      | Slain by an orc wizard

Vault maps used:
D:1:      minmay_arrival_arboretum_small
D:2:      grunt_temple_overflow_open

Skill      XL: |  1  2  3  4 |
---------------+-------------+-----
Axes           | 3 4 5 |  5.4
Fighting       | 4 |  4.5
Armour         | |  3.4
Shields        | |  3.5

Action                   |  1- 3 |  4- 6 || total
-------------------------+-------+-------++-------
Melee: War axe           |   150 |    43 ||   193
Invok: Convert to Beogh  |       |     1 ||     1
  Use: Scroll            |     6 |       ||     6
       Potion            |       |     2 ||     2
  Eat: Chunk             |     2 |     1 ||     3
Armor: Scale mail        |    83 |    33 ||   116
Dodge: Dodged            |    50 |    15 ||    65
Block: Shield            |   113 |    41 ||   154
